 Dungeon Crawl Stone Soup version 0.31-a0-523-g071a6c1ffa (webtiles) character file.

Game seed: 15429280739545302184

1 GordonOverkill the Sneak (level 1, 0/11 HPs)
             Began as a Vine Stalker Delver on Aug 10, 2023.
             Was an Initiate of Trog.
             Slain by a gnoll
             ... wielding a +0 hand axe
              (9 damage)
             ... on level 7 of the Dungeon.
             The game lasted 00:00:48 (120 turns).

GordonOverkill the Sneak (Vine Stalker Delver)       Turns: 120, Time: 00:00:48

Health: 0/11       AC:  3    Str: 14    XL:     1   Next: 20%
Magic:  0/2        EV: 11    Int: 10    God:    Trog [......]
Gold:   5          SH:  0    Dex: 15    Spells: 0/0 levels left

rFire   . . .        a - +0 mace
rCold   . . .        (no shield)
rNeg    . . .        b - +0 leather armour
rPois   .            (no helmet)
rElec   .            (no cloak)
rCorr   .            (no gloves)
SInv    .            (no boots)
Will    +....        (no amulet)
Stlth   +++          (no ring)
HPRegen 0.21/turn    (no ring)
MPRegen 0.08/turn

%: guardian spirit
@: enlightened, flying
A: fangs 2, magic shield, antimagic bite, no potion heal 2
a: Renounce Religion


You were on level 7 of the Dungeon.
You worshipped Trog.
Trog was noncommittal.
You visited 2 branches of the dungeon, and saw 4 of its levels.

You collected 5 gold pieces.

Inventory:

Hand Weapons
 a - a +0 mace (weapon)
Armour
 b - a +0 leather armour (worn)
Wands
 g - a wand of digging (3)
Scrolls
 c - a scroll of fog
 d - a scroll of revelation
 e - a scroll of fear


   Skills:
 - Level 2.6 Fighting
 + Level 1.9 Maces & Flails
 - Level 1.5 Dodging
 - Level 6.0 Stealth


You couldn't memorise any spells.
You didn't know any spells.
Your spell library was empty.

Dungeon Overview and Level Annotations

Branches:
Dungeon (7/15)             Temple (1/1) D:7

Altars:
Ashenzari
Fedhas
Gozag
Makhleb
Okawaru
Qazlal
Ru
Sif Muna
Trog
Xom
Yredelemnul
The Shining One

Portals:
Bailey: D:7


Innate Abilities, Weirdness & Mutations

You have extremely sharp teeth.
When hurt, damage is shared between your health and your magic reserves.
Your bite disrupts and absorbs the magic of your enemies.
Potions cannot restore your health.


Message History

There is a bloodstained altar of Trog here.
You kneel at the altar of Trog.
Trog welcomes you!
Unknown command.
Press < or > to pray at altars.
There is a staircase back to the Dungeon here.
You climb upwards.
You hear the roar of battle.
There is an entrance to a bailey on this level.
Hurry and find it before the portal closes forever!
There is a staircase to the Ecumenical Temple here.
There is an open door here.
You open the door.
There is an open door here.
Found 2 potions of degeneration.
Found 2 potions of degeneration.
You see here 2 potions of degeneration.
You see here 2 potions of degeneration.
You open the door. 2 goblins and 2 gnolls come into view.
You hear the faint creaking of a portcullis.
The gnoll shouts! x2; The goblin shouts!
Found 4 potions of degeneration.
Found a flagged portal.
You see here 2 potions of degeneration.
It was a potion of enlightenment.
You feel very buoyant.
You fly up into the air.
You barely miss the goblin. Your bite misses the goblin.
The goblin closely misses you. The goblin hits you with a +0 hand axe.
You barely miss the goblin. The goblin hits you with a +0 hand axe.
You hit the goblin.
You kill the goblin!
Trog accepts your kill.
You hit the gnoll but do no damage. The gnoll closely misses you.
The gnoll hits you with a +0 hand axe.
You hit the gnoll but do no damage. You bite the gnoll, but do no damage.
The gnoll completely misses you.
You completely miss the gnoll. Your bite misses the gnoll.
The gnoll hits you with a +0 hand axe!
Ouch! That really hurt!
You die...

#...# #.### #.# #
##.#######..#.
#.............
##########.######
#.... #.#
#.....####!#
#.!∩.!ggg@.#
#.....####.#
#.... #.# ####
#.# #.# ... ..#
##


You could see 2 gnolls and a goblin.

Vanquished Creatures
  A goblin (D:7)
1 creature vanquished.

Notes
Turn   | Place    | Note
-------+----------+-------------------------------------------
     0 | D:5      | GordonOverkill the Vine Stalker Delver began the quest for
                  | the Orb.
     0 | D:5      | Reached XP level 1. HP: 11/11 MP: 2/2
     4 | D:5      | Noticed an iguana
     5 | D:5      | Noticed a scorpion
    20 | D:6      | Noticed an ice beast
    57 | D:7      | Noticed an ogre
    65 | D:7      | Found a staircase to the Ecumenical Temple.
    77 | Temple   | Entered the Ecumenical Temple
    83 | Temple   | Became a worshipper of Trog the Wrathful
   111 | D:7      | Found a flagged portal.
   120 | D:7      | Slain by a gnoll

Illustrated notes

Levels and vault maps discovered:
D:5:      layout_rooms, elyvilon_altar_5, lemuel_flamethrower_1, uniq_menkaure
D:6:      layout_basic, due_unseen_surprise
D:7:      layout_rooms, cheibrodos_worm_habitat,
          minmay_temple_entry_glassed_door, enter_bailey_7,
          ebering_dispersal_statue_hall, minmay_fractal_squares_diagonal_5
Temple:   hellmonk_temple_two_chambers

Action                     || total
---------------------------++-------
  Melee: Mace              ||     6
         Bite              ||     1
    Use: Potion            ||     2
 Armour: Leather armour    ||     1
  Dodge: Dodged            ||     5

Table legend: (Time is in decaauts)
 A = Elapsed time spent in this place.
 B = Non-inter-level travel time spent in this place.
 C = Inter-level travel time spent in this place.
 D = Time resting spent in this place.
 E = Time spent auto-exploring this place.
 F = Levels seen in this place.
 G = Mean time per level.
                   A        B        C        D        E       F      G
               +--------+--------+--------+--------+--------+-----+--------+
         Total |    102 |     97 |      5 |      0 |      0 |   4 |   25.5 |
       Dungeon |     89 |     89 |      0 |      0 |      0 |   3 |   29.7 |
        Temple |     12 |      7 |      5 |      0 |      0 |   1 |   12.0 |
               +--------+--------+--------+--------+--------+-----+--------+

Top non-repeatable levels by time:
     D:7: 47 daAuts
     D:6: 24 daAuts
     D:5: 17 daAuts
  Temple: 12 daAuts
